AoeStats
← Erickinio

Black Forest

508463761Analyzed
2v2 RM · 10d ago on Sep 22, 2026· 75m 16s· 4 players
Game mode
Random Map
Map size
Medium (4 player)
Population
200
Speed
Normal
Resources
Standard
Victory
Conquest
Starting age
Dark Age
Ending age
Imperial Age
RankedLock teamsTeams togetherTeam positionsShared explorationLock speedFull tech treeHidden civsTurbo modeCheats
Victory
Defeat
🇷🇺 Bohemians · Russia
867
+19
🇦🇷 Celts · Argentina
818
+21
🇧🇴 Burgundians · Bolivia
939
-20
🇧🇴 Mongols · Bolivia
929
-20
Erickinio
0:58 Loom
10:56 Feudal Age
11:44 Double-Bit Axe
14:39 Forging
14:17 Man-at-Arms
17:06 Arson
24:13 Castle Age
23:13 Scale Mail Armor
23:05 Stone Mining
23:10 Horse Collar
23:29 Gold Mining
26:51 Wheelbarrow
27:05 Wheelbarrow
27:06 Gambesons
28:16 Fletching
29:01 Stronghold
31:23 Heavy Plow
31:33 Treadmill Crane
31:27 Pikeman
34:22 Iron Casting
34:03 Chain Mail Armor
34:58 Murder Holes
35:24 Hand Cart
40:46 Imperial Age
38:42 Bow Saw
38:45 Masonry
38:56 Ballistics
38:34 Bodkin Arrow
39:18 Padded Archer Armor
39:06 Town Watch
42:33 Blast Furnace
41:05 Halberdier
43:29 Conscription
43:25 Furor Celtica
43:39 Siege Engineers
45:24 Plate Mail Armor
44:36 Heavy Scorpion
46:37 Chemistry
48:49 Onager
50:07 Elite Woad Raider
52:11 Leather Archer Armor
53:41 Long Swordsman
54:53 Ring Archer Armor
58:04 Town Patrol
58:45 Gold Shaft Mining
58:45 Stone Shaft Mining
58:38 Capped Ram
58:39 Siege Onager
67:05 Two-Handed Swordsman
70:59 Champion
X-you
0:32 Loom
12:09 Feudal Age
12:51 Horse Collar
15:53 Wheelbarrow
15:28 Double-Bit Axe
22:55 Castle Age
24:55 Bow Saw
24:47 Heavy Plow
25:06 Hand Cart
30:15 Imperial Age
28:48 Pikeman
29:29 Squires
31:05 Fletching
31:16 Padded Archer Armor
32:30 Two-Man Saw
32:49 Elite Hussite Wagon
34:00 Conscription
34:46 Chemistry
34:07 Ballistics
34:16 Wagenburg Tactics
34:43 Bodkin Arrow
37:19 Elite Skirmisher
37:28 Halberdier
38:30 Leather Archer Armor
38:16 Scale Mail Armor
38:27 Forging
38:18 Bracer
39:54 Ring Archer Armor
42:46 Iron Casting
42:27 Chain Mail Armor
42:08 Houfnice
57:43 Caravan
59:23 Blast Furnace
58:54 Plate Mail Armor
65:21 Fortified Wall
SHUN
3:56 Loom
9:30 Feudal Age
12:11 Horse Collar
14:35 Castle Age
13:11 Horse Collar
14:12 Double-Bit Axe
17:44 Wheelbarrow
18:48 Bow Saw
19:11 Heavy Plow
22:30 Gold Mining
25:14 Gold Shaft Mining
25:36 Hand Cart
26:08 Stone Mining
27:34 Stone Shaft Mining
32:42 Imperial Age
30:17 Padded Archer Armor
30:07 Fletching
30:47 Nomads
31:33 Leather Archer Armor
32:25 Bodkin Arrow
32:40 Scale Barding Armor
32:45 Forging
32:44 Onager
32:55 Light Cavalry
33:45 Bloodlines
33:38 Husbandry
33:37 Elite Mangudai
34:38 Conscription
34:38 Drill
35:47 Siege Onager
36:07 Hussar
37:29 Chain Barding Armor
37:45 Iron Casting
37:10 Bracer
39:04 Elite Mangudai
41:20 Blast Furnace
44:40 Heavy Scorpion
46:05 Ballistics
46:46 Chemistry
45:52 Siege Engineers
53:29 Elite Skirmisher
57:16 Thumb Ring
OscarNassir
0:27 Loom
7:32 Double-Bit Axe
12:25 Feudal Age
17:59 Castle Age
16:52 Forging
18:27 Wheelbarrow
21:36 Cavalier
24:03 Horse Collar
26:09 Scale Barding Armor
37:33 Imperial Age
36:42 Light Cavalry
39:59 Husbandry
43:17 Elite Skirmisher
44:55 Scale Mail Armor
45:34 Onager
45:53 Hussar
51:08 Chain Barding Armor
51:03 Chain Mail Armor
60:52 Fortified Wall
Connection lost

Rejoining the realm…

Still unreachable

The connection could not be restored.

Session expired

The server has moved on; the page needs a fresh start.